TOP OF THE 1ST |
University of Maine Black Bears batting - Pitching for Arizona State University Sun Devils : RHP Wallace Werner
|
Pitching: RHP Wallace Werner
|
|
Batting: RHB Wang Huan
|
0-0: Called Strike 0-1: Called Strike 0-2: Ball 1-2: Strikes out swinging
|
Batting: LHB Carlos Rivera
|
0-0: Foul Ball, location: 2F 0-1: Ball 1-1: Fly out, F8 (Line Drive, 8LS, EV 93.8 MPH)
|
Batting: SHB Mario Barajas
|
0-0: Foul Ball, location: 2F 0-1: Ground out 4-3 (Groundball, 4, EV 102.5 MPH)
|
Top of the 1st over - 0 runs, 0 hits, 0 errors, 0 left on base; University of Maine 0 - Arizona State University 0 |
BOTTOM OF THE 1ST |
Arizona State University Sun Devils batting - Pitching for University of Maine Black Bears : RHP Ben Kasim
|
Pitching: RHP Ben Kasim
|
|
Batting: LHB Eric Russell
|
0-0: Fly out, F8 (Flyball, 8LD, EV 106.9 MPH)
|
Batting: RHB Alonzo Cardona
|
0-0: Ball 1-0: Called Strike 1-1: Swinging Strike 1-2: Ball 2-2: Foul Ball, location: 2F 2-2: Strikes out looking
|
Batting: LHB David Goad
|
0-0: Ball 1-0: Foul Ball, location: 2F 1-1: Ball 2-1: Fly out, F6 (Popup, 6M, EV 60.6 MPH)
|
Bottom of the 1st over - 0 runs, 0 hits, 0 errors, 0 left on base; University of Maine 0 - Arizona State University 0 |
TOP OF THE 2ND |
University of Maine Black Bears batting - Pitching for Arizona State University Sun Devils : RHP Wallace Werner
|
Batting: RHB Jay Mellon
|
0-0: Ball 1-0: Reached on error, E3 (Groundball, 34S, EV 85.0 MPH)
|
Batting: RHB Geoffrey Potter
|
0-0: Ball 1-0: Ball 2-0: Grounds into double play, 5-4-3 (Groundball, 56, EV 81.2 MPH)
|
Batting: LHB Dave Aguilar
|
0-0: Hit by Pitch
|
Batting: RHB Dave MacAulay
|
0-0: Fly out, F8 (Flyball, 8RD, EV 89.4 MPH)
|
Top of the 2nd over - 0 runs, 0 hits, 1 error, 1 left on base; University of Maine 0 - Arizona State University 0 |
BOTTOM OF THE 2ND |
Arizona State University Sun Devils batting - Pitching for University of Maine Black Bears : RHP Ben Kasim
|
Batting: LHB Randy Marquez
|
0-0: Called Strike 0-1: Ball 1-1: Swinging Strike 1-2: Ground out 6-3 (Groundball, 6, EV 97.5 MPH)
|
Batting: RHB Chris DeLuise
|
0-0: Ball 1-0: Ball 2-0: DOUBLE (Groundball, 5L, EV 101.9 MPH)
|
Batting: SHB Manny Aponte
|
0-0: Ball 1-0: Ground out 4-3 (Groundball, 4, EV 107.5 MPH) Chris DeLuise to third
|
Batting: RHB Martin Boyle
|
0-0: Foul Ball, location: 2F 0-1: Swinging Strike 0-2: Strikes out swinging
|
Bottom of the 2nd over - 0 runs, 1 hit, 0 errors, 1 left on base; University of Maine 0 - Arizona State University 0 |
TOP OF THE 3RD |
University of Maine Black Bears batting - Pitching for Arizona State University Sun Devils : RHP Wallace Werner
|
Batting: RHB Geoffrey Gonzalez
|
0-0: Ball 1-0: Ball 2-0: Ground out 6-3 (Groundball, 56, EV 105.0 MPH)
|
Batting: RHB Rewa Havika
|
0-0: Ball 1-0: Ball 2-0: Foul Ball, location: 2F 2-1: SINGLE (Groundball, 6MD, EV 98.1 MPH)
|
Batting: RHB Wang Huan
|
0-0: Called Strike 0-1: Ball 1-1: Ball Rewa Havika steals 2nd base 2-1: Swinging Strike 2-2: Strikes out swinging
|
Batting: LHB Carlos Rivera
|
0-0: Ball 1-0: SINGLE (Groundball, 6MD, EV 103.8 MPH) Rewa Havika to third Runner from 3rd tries for Home, SAFE, throw by CF to home
|
Batting: SHB Mario Barajas
|
0-0: Ball 1-0: Called Strike 1-1: Fielders Choice at 2nd, 4-6 (Groundball, 4MD, EV 91.9 MPH)
|
Top of the 3rd over - 1 run, 2 hits, 0 errors, 1 left on base; University of Maine 1 - Arizona State University 0 |
BOTTOM OF THE 3RD |
Arizona State University Sun Devils batting - Pitching for University of Maine Black Bears : RHP Ben Kasim
|
Batting: RHB John Burgis
|
0-0: Ball 1-0: Ball 2-0: Ground out 6-3 (Groundball, 6, EV 88.1 MPH)
|
Batting: RHB Carl Evans
|
0-0: Ball 1-0: Fly out, F7 (Flyball, 7, EV 95.6 MPH)
|
Batting: LHB Eric Russell
|
0-0: Ball 1-0: Swinging Strike 1-1: Ball 2-1: Ground out 3-1 (Groundball, 34, EV 105.0 MPH)
|
Bottom of the 3rd over - 0 runs, 0 hits, 0 errors, 0 left on base; University of Maine 1 - Arizona State University 0 |
TOP OF THE 4TH |
University of Maine Black Bears batting - Pitching for Arizona State University Sun Devils : RHP Wallace Werner
|
Batting: RHB Jay Mellon
|
0-0: Called Strike 0-1: Ground out 6-3 (Groundball, P, EV 82.5 MPH)
|
Batting: RHB Geoffrey Potter
|
0-0: Ball 1-0: Reached on error, E5 (Groundball, 5S, EV 81.2 MPH)
|
Batting: LHB Dave Aguilar
|
0-0: Fielders Choice at 2nd, 4-6 (Groundball, 4M, EV 86.2 MPH)
|
Batting: RHB Dave MacAulay
|
0-0: Called Strike 0-1: Called Strike 0-2: Ball Dave Aguilar is caught stealing 2nd base 2-4
|
Top of the 4th over - 0 runs, 0 hits, 1 error, 0 left on base; University of Maine 1 - Arizona State University 0 |
BOTTOM OF THE 4TH |
Arizona State University Sun Devils batting - Pitching for University of Maine Black Bears : RHP Ben Kasim
|
Batting: RHB Alonzo Cardona
|
0-0: Ball 1-0: Called Strike 1-1: Ball 2-1: Swinging Strike 2-2: Strikes out looking
|
Batting: LHB David Goad
|
0-0: Called Strike 0-1: Ball 1-1: Called Strike 1-2: Foul Ball, location: 2F 1-2: Ball 2-2: DOUBLE (Flyball, 89D, EV 106.9 MPH)
|
Batting: LHB Randy Marquez
|
0-0: Called Strike 0-1: Ball 1-1: Foul Ball, location: 2F 1-2: Foul Ball, location: 2F 1-2: Strikes out looking
|
Batting: RHB Chris DeLuise
|
0-0: Swinging Strike 0-1: Ball 1-1: Ball 2-1: 2-RUN HOME RUN (Flyball, 7D, EV 103.1 MPH), Distance : 402 ft
|
Batting: SHB Manny Aponte
|
0-0: Swinging Strike 0-1: Ball 1-1: Reached on error, E4 (Groundball, 4, EV 89.4 MPH)
|
Batting: RHB Martin Boyle
|
0-0: Fielders Choice at 2nd, 6-4 (Groundball, 6, EV 103.8 MPH)
|
Bottom of the 4th over - 2 runs, 2 hits, 1 error, 1 left on base; University of Maine 1 - Arizona State University 2 |
TOP OF THE 5TH |
University of Maine Black Bears batting - Pitching for Arizona State University Sun Devils : RHP Wallace Werner
|
Now in LF: Dustin Gill
|
|
Now in RF: Randy Marquez
|
|
Batting: RHB Dave MacAulay
|
0-0: Ball 1-0: Foul Ball, location: 2F 1-1: Called Strike 1-2: Ball 2-2: Ground out 6-3 (Groundball, 6, EV 106.9 MPH)
|
Batting: RHB Geoffrey Gonzalez
|
0-0: Ball 1-0: Called Strike 1-1: Ball 2-1: Foul Ball, location: 2F 2-2: Strikes out swinging
|
Batting: RHB Rewa Havika
|
0-0: Ball 1-0: Ball 2-0: Fly out, F9 (Flyball, 9LS, EV 83.8 MPH)
|
Top of the 5th over - 0 runs, 0 hits, 0 errors, 0 left on base; University of Maine 1 - Arizona State University 2 |
BOTTOM OF THE 5TH |
Arizona State University Sun Devils batting - Pitching for University of Maine Black Bears : RHP Ben Kasim
|
Pitching: RHP Jim Hodder
|
|
Now at C: Pita Arnurna
|
|
Now at 1B: Bryan Douglas
|
|
Now at 2B: Geoffrey Gonzalez
|
|
Now at 3B: Taro Inamine
|
|
Now at SS: Travis Whitby
|
|
Now in CF: Kevin Baker
|
|
Batting: RHB John Burgis
|
0-0: Ground out 1-3 (Groundball, 13S, EV 63.1 MPH)
|
Batting: RHB Carl Evans
|
0-0: Foul Ball, location: 2F 0-1: Ball 1-1: Ball 2-1: Ball 3-1: Foul Ball, location: 2F 3-2: Foul Ball, location: 2F 3-2: Ground out 6-3 (Groundball, 6, EV 78.1 MPH)
|
Batting: LHB Dustin Gill
|
0-0: Ball 1-0: Called Strike 1-1: Ball 2-1: Ball 3-1: Base on Balls
|
Batting: RHB Alonzo Cardona
|
0-0: Ball 1-0: Ball 2-0: SINGLE (Groundball, 56D, EV 94.4 MPH) Dustin Gill to second
|
Pinch Hitting: LHB Timon Giorgiou
|
0-0: Fielders Choice at 2nd, 5-4 (Groundball, 5, EV 83.8 MPH)
|
Bottom of the 5th over - 0 runs, 1 hit, 0 errors, 2 left on base; University of Maine 1 - Arizona State University 2 |
TOP OF THE 6TH |
University of Maine Black Bears batting - Pitching for Arizona State University Sun Devils : RHP Wallace Werner
|
Pitching: LHP Jorge Ruiz
|
|
Now at C: Israel Tobias
|
|
Now at 1B: Ben Lewis
|
|
Now at 2B: Kawenaula Kapali
|
|
Now at 3B: David Krebs
|
|
Now in CF: Burraga Iukini
|
|
Now in RF: Bill Callbeck
|
|
Batting: RHB Bryan Douglas
|
0-0: Ball 1-0: Called Strike 1-1: Swinging Strike 1-2: Ball 2-2: Strikes out swinging
|
Pinch Hitting: RHB Frank Gould
|
0-0: Ball 1-0: Swinging Strike 1-1: Ball 2-1: Called Strike 2-2: Foul Ball, location: 2F 2-2: Ball 3-2: Ground out 6-3 (Groundball, 6M, EV 90.6 MPH)
|
Batting: RHB Kevin Baker
|
0-0: Ball 1-0: Swinging Strike 1-1: Ball 2-1: Foul Ball, location: 2F 2-2: Strikes out swinging
|
Top of the 6th over - 0 runs, 0 hits, 0 errors, 0 left on base; University of Maine 1 - Arizona State University 2 |
BOTTOM OF THE 6TH |
Arizona State University Sun Devils batting - Pitching for University of Maine Black Bears : RHP Jim Hodder
|
Now in LF: Frank Gould
|
|
Now in RF: Osmo Leino
|
|
Batting: LHB Burraga Iukini
|
0-0: Ball 1-0: Swinging Strike 1-1: Foul Ball, location: 2F 1-2: Foul Ball, location: 2F 1-2: SINGLE (Groundball, 4MD, EV 94.4 MPH)
|
Batting: RHB David Krebs
|
0-0: Called Strike 0-1: Foul Ball, location: 2F 0-2: Ball 1-2: Foul Ball, location: 2F 1-2: Ball 2-2: Foul Ball, location: 2F 2-2: Ball 3-2: Grounds into double play, 4-6-3 (Groundball, 4, EV 90.0 MPH)
|
Batting: RHB Jun-hyuk Leem
|
0-0: Called Strike 0-1: Swinging Strike 0-2: Strikes out swinging
|
Bottom of the 6th over - 0 runs, 1 hit, 0 errors, 0 left on base; University of Maine 1 - Arizona State University 2 |
TOP OF THE 7TH |
University of Maine Black Bears batting - Pitching for Arizona State University Sun Devils : LHP Jorge Ruiz
|
Pitching: RHP Hector Morales
|
|
Pinch Hitting: LHB John Knox
|
0-0: Ball 1-0: Fly out, F8 (Flyball, 89D, EV 81.2 MPH)
|
Batting: LHB Taro Inamine
|
0-0: Swinging Strike 0-1: Swinging Strike 0-2: Ball 1-2: Ball 2-2: Strikes out swinging
|
Batting: LHB Ed Leighton
|
0-0: Ball 1-0: Foul Ball, location: 2F 1-1: Ball 2-1: Ball 3-1: SINGLE (Groundball, 34D, EV 96.9 MPH)
|
Batting: RHB Pita Arnurna
|
0-0: Called Strike 0-1: SINGLE (Groundball, 56D, EV 106.2 MPH) Ed Leighton to second
|
Pinch Hitting: RHB Justin Degon
|
0-0: Ball 1-0: Ball 2-0: Reached on error, E5 (Groundball, 5, EV 86.9 MPH) Ed Leighton to third Pita Arnurna to second
|
Batting: RHB Travis Whitby
|
0-0: Foul Ball, location: 2F 0-1: Ball 1-1: Fly out, F6 (Popup, 6M, EV 60.6 MPH)
|
Top of the 7th over - 0 runs, 2 hits, 1 error, 3 left on base; University of Maine 1 - Arizona State University 2 |
BOTTOM OF THE 7TH |
Arizona State University Sun Devils batting - Pitching for University of Maine Black Bears : RHP Jim Hodder
|
Pitching: RHP Noah Johnson
|
|
Now at 2B: Justin Degon
|
|
Now in RF: John Knox
|
|
Batting: RHB Kawenaula Kapali
|
0-0: Called Strike 0-1: Ball 1-1: Foul Ball, location: 2F 1-2: Strikes out swinging
|
Batting: RHB Ben Lewis
|
0-0: Ball 1-0: Swinging Strike 1-1: Foul Ball, location: 2F 1-2: Ball 2-2: Ball 3-2: Base on Balls
|
Pinch Hitting: RHB Bobby Johannsen
|
0-0: Ball 1-0: Swinging Strike 1-1: Foul Ball, location: 2F 1-2: Ball 2-2: Ball 3-2: Foul Ball, location: 2F 3-2: Strikes out swinging
|
Pitching: RHP Tommy Meade
|
|
Batting: LHB Dustin Gill
|
0-0: Foul Ball, location: 2F 0-1: Ball 1-1: Fly out, F4 (Line Drive, 4M, EV 71.2 MPH)
|
Bottom of the 7th over - 0 runs, 0 hits, 0 errors, 1 left on base; University of Maine 1 - Arizona State University 2 |
TOP OF THE 8TH |
University of Maine Black Bears batting - Pitching for Arizona State University Sun Devils : RHP Hector Morales
|
Pitching: RHP Kyle Mahalik
|
|
Now at SS: Bobby Johannsen
|
|
Pinch Hitting: LHB John Bergeron
|
0-0: Called Strike 0-1: Ground out 5-3 (Groundball, 5L, EV 88.1 MPH)
|
Batting: RHB Frank Gould
|
0-0: Ball 1-0: Ball 2-0: Called Strike 2-1: Fly out, F3 (Line Drive, 34, EV 70.0 MPH)
|
Batting: RHB Kevin Baker
|
0-0: Ball 1-0: Ball 2-0: Reached on error, E4 (Groundball, 34, EV 103.8 MPH)
|
Batting: LHB John Knox
|
0-0: Ball 1-0: Ball 2-0: Foul Ball, location: 2F 2-1: Ball 3-1: Called Strike 3-2: Reached on error, E6 (Groundball, 6, EV 101.9 MPH) Kevin Baker to second
|
Pitching: LHP Nick Segar
|
|
Batting: LHB Taro Inamine
|
0-0: Ball 1-0: Ball 2-0: Ball 3-0: Base on Balls Kevin Baker to third John Knox to second
|
Batting: RHB Scott Snyder
|
0-0: Ball 1-0: Called Strike 1-1: Ball 2-1: Swinging Strike 2-2: Foul Ball, location: 2F 2-2: Ground out 1-3 (Groundball, 13S, EV 69.4 MPH)
|
Top of the 8th over - 0 runs, 0 hits, 2 errors, 3 left on base; University of Maine 1 - Arizona State University 2 |
BOTTOM OF THE 8TH |
Arizona State University Sun Devils batting - Pitching for University of Maine Black Bears : RHP Tommy Meade
|
Pitching: RHP Chris Liddie
|
|
Now at 1B: John Bergeron
|
|
Batting: RHB Bill Callbeck
|
0-0: Ball 1-0: Ball 2-0: Ball 3-0: Base on Balls
|
Pinch Hitting: RHB Rusty Gee
|
0-0: Called Strike 0-1: Ball 1-1: Foul Ball, location: 2F 1-2: Ball 2-2: Strikes out swinging
|
Batting: LHB Burraga Iukini
|
0-0: Foul Ball, location: 2F 0-1: Reached on error, E5 (Groundball, 56, EV 83.1 MPH) Bill Callbeck to second
|
Batting: RHB David Krebs
|
0-0: Called Strike 0-1: Ball 1-1: DOUBLE (Flyball, 8LXD, EV 96.9 MPH) Bill Callbeck scores Burraga Iukini to third
|
Batting: RHB Jun-hyuk Leem
|
0-0: Intentional Walk
|
Batting: RHB Kawenaula Kapali
|
0-0: Ball 1-0: Swinging Strike 1-1: Called Strike 1-2: Ball 2-2: Strikes out looking
|
Batting: RHB Ben Lewis
|
0-0: Called Strike 0-1: Ball 1-1: Ball 2-1: SINGLE (Groundball, 56D, EV 101.9 MPH) Burraga Iukini scores David Krebs to third Jun-hyuk Leem to second Runner from 3rd tries for Home, SAFE, throw by LF to home
|
Pitching: LHP Al Sisneros
|
|
Batting: RHB Bobby Johannsen
|
0-0: Ball 1-0: Foul Ball, location: 2F 1-1: SINGLE (Line Drive, 56D, EV 106.9 MPH) Jun-hyuk Leem to third Ben Lewis to second
|
Batting: LHB Dustin Gill
|
0-0: Foul Ball, location: 2F 0-1: Ball 1-1: Ball 2-1: Ball 3-1: Called Strike 3-2: Fly out, F9 (Flyball, 9, EV 98.1 MPH)
|
Bottom of the 8th over - 3 runs, 3 hits, 1 error, 3 left on base; University of Maine 1 - Arizona State University 5 |
TOP OF THE 9TH |
University of Maine Black Bears batting - Pitching for Arizona State University Sun Devils : LHP Nick Segar
|
Pitching: RHP Sho Fukumoto
|
|
Now at C: J.J. Meach
|
|
Pinch Hitting: LHB Steve Thomas
|
0-0: Called Strike 0-1: Ball 1-1: Foul Ball, location: 2F 1-2: Ball 2-2: Foul Ball, location: 2F 2-2: Strikes out swinging
|
Batting: RHB Justin Degon
|
0-0: Ball 1-0: Ground out 6-3 (Groundball, 6, EV 86.2 MPH)
|
Pinch Hitting: LHB Bill Knolle
|
0-0: Foul Ball, location: 2F 0-1: Ball 1-1: Called Strike 1-2: Foul Ball, location: 2F 1-2: Strikes out swinging, 2-3 out at first.
|
Top of the 9th over - 0 runs, 0 hits, 0 errors, 0 left on base; University of Maine 1 - Arizona State University 5 |
|